 Dungeon Crawl Stone Soup version 0.29-a0-91-gdebf4667c2 (webtiles) character file.

Game seed: 16125737245034157467

669 kae the Insei (level 7, -4/57 HPs)
             Began as a White Draconian Transmuter on Feb 8, 2022.
             Was an Initiate of Ru.
             Succumbed to a hornet's poison
             ... on level 5 of the Dungeon.
             The game lasted 00:03:25 (5511 turns).

kae the Insei (White Draconian Transmuter)          Turns: 5511, Time: 00:03:26

Health: -4/57      AC:  2    Str: 12    XL:     7   Next: 32%
Magic:  2/11       EV: 20    Int: 15    God:    Ru [......]
Gold:   167        SH:  0    Dex: 17    Spells: 4/12 levels left

rFire   . . .      SeeInvis .     - Unarmed
rCold   . . .      Faith    .   (shield currently unavailable)
rNeg    . . .      Spirit   +   (armour unavailable)
rPois   x          Reflect  .   (helmet currently unavailable)
rElec   .          Harm     .   (cloak currently unavailable)
rCorr   .          Rampage  +   (gloves currently unavailable)
Will    .....                   (boots currently unavailable)
Stlth   ++........              e - amulet "Byroqig" {Spirit Rampage}
HPRegen 0.19/turn               (no ring)
MPRegen 0.12/turn               (no ring)

@: lethally poisoned (-4 -> -25), spider-form, slowed, very slow
A: venomous fangs, (breathe frost), AC +6, tiny, unfitting armour, (cold
resistance 1), (cold-blooded)
a: End Transformation, Renounce Religion


You were on level 5 of the Dungeon.
You worshipped Ru.
Ru was noncommittal.
You were a venomous arachnid creature.
You visited 2 branches of the dungeon, and saw 6 of its levels.

You collected 167 gold pieces.

Inventory:

Jewellery
 d - an amulet of reflection
 e - the amulet "Byroqig" (around neck) {Spirit Rampage}
   (You took it off an orc on level 4 of the Dungeon)

   [amulet of guardian spirit]

   It causes incoming damage to be divided between your reserves of health and
   magic.
   Rampage:   It bestows one free step when moving towards enemies.
 l - a +6 ring of intelligence
Scrolls
 b - 4 scrolls of identify
 i - a scroll of silence {unknown}
 j - 2 scrolls of brand weapon
Potions
 a - 2 potions of resistance
 c - a potion of mutation
 f - 3 potions of haste
 g - a potion of might
 h - 2 potions of heal wounds
 k - a potion of curing


   Skills:
 + Level 3.1 Fighting
 + Level 3.0 Dodging
 * Level 4.8 Unarmed Combat
 + Level 3.1 Spellcasting
 * Level 4.2 Transmutations
 * Level 2.6 Ice Magic
 - Level 2.0 Poison Magic


You had 4 spell levels left.
You knew the following spells:

 Your Spells              Type           Power      Damage    Failure   Level
a - Beastly Appendage     Tmut           30%        N/A       12%         1
b - Spider Form           Tmut/Pois      11%        N/A       36%         3
c - Ice Form              Ice/Tmut       12%        N/A       65%         4

Your spell library contained the following spells:

 Spells                   Type           Power      Damage    Failure   Level
 Wereblood                Tmut           15%        N/A       16%         2
 Foxfire                  Conj/Fire      8%         2x1d4     41%         1
 Conjure Flame            Conj/Fire      2%         6-21      73%         3
 Inner Flame              Hex/Fire       2%         N/A       73%         3
 Summon Guardian Golem    Hex/Summ       2%         N/A       73%         3
 Tukima's Dance           Hex            2%         N/A       73%         3
 Anguish                  Hex/Necr       1%         N/A       97%         4
 Flame Wave               Conj/Fire      2%         2d4       97%         4
 Enfeeble                 Hex            1%         N/A       100%        7
 Orb of Destruction       Conj           1%         9d5       100%        7
 Spellforged Servitor     Conj/Summ      1%         N/A       100%        7


Dungeon Overview and Level Annotations

Branches:
Dungeon (5/15)             Temple (1/1) D:4

Altars:
Ashenzari
Dithmenos
Elyvilon
Fedhas
Gozag
Hepliaklqana
Makhleb
Okawaru
Qazlal
Ru
Sif Muna
Uskayaw
Vehumet
Wu Jian
Xom
Yredelemnul
Zin
The Shining One


Innate Abilities, Weirdness & Mutations

You are a venomous arachnid creature.
You have poisonous fangs.
You are tiny and dextrous.
Your spellcasting is less reliable in this form.
Your armour is entirely melded.
You are incapable of wielding weapons or throwing items.
((You can breathe waves of freezing cold which knock back foes.))
((Your icy white scales are hard. (AC +6)))
You cannot fit into any form of body armour.
((Your flesh is cold resistant. (rC+)))
((You are cold-blooded and may be slowed by cold attacks.))


Message History

k - a potion of curing You now have 167 gold pieces (gained 8).
You see here a +0 quarterstaff.
A hornet comes into view.
A hornet is nearby!
A hornet is nearby!
A hornet is nearby!
Casting: Spider Form (dangerous; 17% risk of failure)
Confirm with . or Enter, or press ? or * to list all spells.
You turn into a venomous arachnid creature.
You rampage towards the hornet!
You closely miss the hornet. The hornet stings you.
You feel yourself slow down.
You barely miss the hornet. The hornet stings you!
You are poisoned.
You feel as though you will be slow longer.
The hornet completely misses you.
You barely miss the hornet.
You feel extremely sick. The hornet misses you. The hornet stings you!
You feel as though you will be slow longer.
You are too injured to fight recklessly!
You are too injured to fight recklessly!
You are too injured to fight recklessly!
You are too injured to fight recklessly!
You are too injured to fight recklessly!
You barely miss the hornet.
You feel very sick. The hornet misses you. The hornet stings you!
* * * LOW HITPOINT WARNING * * *
You are lethally poisoned!
You feel as though you will be slow longer.
The hornet stings you!
* * * LOW HITPOINT WARNING * * *
You feel as though you will be slow longer.
You closely miss the hornet.
* * * LOW HITPOINT WARNING * * *
You feel extremely sick. The hornet misses you.
You closely miss the hornet.
You die...

.#..#.# #.# .....#..#
.#..#.# #.# .... #...
.^..#.######.# ##.#
.#...........# ....
.#.##.######## ###.#
.#.##.# # .#.##.# #
.#.##.##############.###
#
.#.##...........sy......
#
.#.#################.###
# .#.# #.......# #
.#.#########.####.## #
.............# #.# #
##.###########
#.############### #.#
#.........)...... #.#
#.############### ###
###


You could see a hornet.

Vanquished Creatures
  A wyvern (D:5)
  A sky beast (D:5)
  A phantom (D:5)
  A scorpion (D:5)
  A bullfrog zombie (D:5)
  2 iguanas
  3 orc wizards (D:3)
  A hound skeleton (D:4)
  3 adders
  An adder zombie (D:5)
  An adder skeleton (D:4)
  2 worms
  3 dart slugs
  11 orcs
  8 endoplasms
  3 giant cockroaches
  3 hobgoblins
  6 jackals
  3 kobolds
  5 quokkas
  6 ball pythons
  3 bats
  4 frilled lizards (D:1)
  2 goblins
  6 rats
81 creatures vanquished.

Notes
Turn   | Place    | Note
-------+----------+-------------------------------------------
     0 | D:1      | kae the Draconian Transmuter began the quest for the Orb.
     0 | D:1      | Reached XP level 1. HP: 16/16 MP: 3/3
   276 | D:1      | Reached XP level 2. HP: 19/23 MP: 5/5
  1093 | D:2      | Reached XP level 3. HP: 9/28 MP: 4/6
  1870 | D:2      | Found a faded altar of an unknown god.
  2235 | D:3      | Reached XP level 4. HP: 16/36 MP: 7/7
  2443 | D:3      | Learned a level 3 spell: Spider Form
  2637 | D:3      | Found a basalt altar of Yredelemnul.
  3316 | D:4      | Found a shimmering altar of Xom.
  3327 | D:4      | Reached XP level 5. HP: 41/41 MP: 6/8
  3437 | D:4      | Reached skill level 1 in Poison Magic
  3522 | D:4      | Found a staircase to the Ecumenical Temple.
  3569 | Temple   | Entered the Ecumenical Temple
  3766 | Temple   | Became a worshipper of Ru the Awakened
  3825 | D:4      | Identified the amulet "Byroqig" {Spirit Rampage}
  4419 | D:5      | Entered Level 5 of the Dungeon
  4536 | D:5      | Learned a level 4 spell: Ice Form
  4543 | D:5      | Noticed a phantom
  4552 | D:5      | Killed a phantom
  4553 | D:5      | Reached XP level 6. HP: 50/50 MP: 5/10
  4603 | D:5      | Noticed a wyvern
  4615 | D:5      | Killed a wyvern
  4616 | D:5      | Reached skill level 1 in Ice Magic
  4927 | D:5      | Your scales start taking on an icy white colour.
  4927 | D:5      | Reached XP level 7. HP: 27/57 MP: 5/11
  4927 | D:5      | Gained mutation: Your flesh is cold resistant. (rC+) [White
                  | Draconian growth]
  5503 | D:5      | Noticed a hornet
  5510 | D:5      | HP: 2/57 [poisoned by a hornet]
  5511 | D:5      | Succumbed to a hornet's poison

Illustrated notes

Levels and vault maps discovered:
D:1:      nzn_arrival_settlement, layout_loops_ring
D:2:      layout_loops_ring, ebering_ecumenical_altar_sacrificial,
          roderic_cross_of_infinity
D:3:      layout_loops_ring, yredelemnul_altar_generic
D:4:      layout_cave_pools, xom_butterflies, minmay_temple_entry_ruins
D:5:      layout_basic, hangedman_abyss_or_decor_stabs
Temple:   nicolae_temple_x_marks_the_god

Skill      XL: |  1  2  3  4  5  6  7 |
---------------+----------------------+-----
Dodging        | 2 3 |  3.0
Transmutations | 3 4 |  4.2
Fighting       | 2 3 |  3.1
Poison Magic   | 1 2 |  2.0
Unarmed Combat | 4 |  4.8
Ice Magic      | 2 |  2.6
Spellcasting   | 3 |  3.1

Action                   |  1- 3 |  4- 6 |  7- 9 || total
-------------------------+-------+-------+-------++-------
Melee: Unarmed           |   118 |   125 |    30 ||   273
       Kick              |    21 |    12 |       ||    33
       Tailslap          |    11 |     6 |       ||    17
       Headbutt          |     6 |    10 |       ||    16
       Punch             |     1 |     1 |       ||     2
 Cast: Beastly Appendage |    26 |    15 |       ||    41
       Spider Form       |       |     6 |     5 ||    11
       Ice Form          |       |     1 |       ||     1
  Use: Scroll            |     6 |     8 |       ||    14
       Potion            |       |     1 |     1 ||     2
Armor: Skin              |    38 |    41 |     5 ||    84
Dodge: Dodged            |    72 |    88 |    24 ||   184
Block: Other             |    11 |    22 |       ||    33

Table legend: (Time is in decaauts)
 A = Elapsed time spent in this place.
 B = Non-inter-level travel time spent in this place.
 C = Inter-level travel time spent in this place.
 D = Time resting spent in this place.
 E = Time spent auto-exploring this place.
 F = Levels seen in this place.
 G = Mean time per level.
                   A        B        C        D        E       F      G
               +--------+--------+--------+--------+--------+-----+--------+
         Total |   5497 |   5389 |    108 |    496 |   4169 |   6 |  916.2 |
       Dungeon |   5291 |   5204 |     87 |    496 |   3990 |   5 | 1058.2 |
        Temple |    205 |    185 |     20 |      0 |    179 |   1 |  205.0 |
               +--------+--------+--------+--------+--------+-----+--------+

Top non-repeatable levels by time:
     D:3: 1188 daAuts
     D:5: 1090 daAuts
     D:4: 1027 daAuts
     D:1: 1000 daAuts
     D:2: 984 daAuts
  Temple: 205 daAuts
